 Dungeon Crawl Stone Soup version 0.24.0-37-gcf1ca852f1 (webtiles) character file.

Game seed: 7154603013619187452, levelgen mode: deterministic

7 Heliosone the Vexing (level 1, 0/7 HPs)
             Began as a Felid Enchanter on Nov 23, 2019.
             Slain by an adder (3 damage)
             ... on level 2 of the Dungeon.
             The game lasted 00:00:56 (378 turns).

Heliosone the Vexing (Felid Enchanter)               Turns: 378, Time: 00:00:57

Health: 0/7        AC:  1    Str:  4    XL:     1   Next: 83%
Magic:  4/4        EV: 18    Int: 16    God:
Gold:   26         SH:  0    Dex: 16    Spells: 3/4 levels left
                                        Lives:  0   Deaths: 0

rFire    . . .     SeeInvis +     - Unarmed
rCold    . . .     Gourm    .   (shield unavailable)
rNeg     . . .     Faith    .   (armour unavailable)
rPois    .         Spirit   .   (helmet unavailable)
rElec    .         Reflect  .   (cloak unavailable)
rCorr    .         Harm     .   (gloves unavailable)
MR       .....                  (boots unavailable)
Stlth    +++.......             (no amulet)
HPRegen  0.02/turn              (no ring)
MPRegen  0.09/turn              (no ring)

@: lethally poisoned (0 -> -7), quick
A: very small, no armour, no weapons or thrown items, stealth, claws 1, fangs 3,
see invisible, carnivore, speed 1, shaggy fur 1, slow metabolism 1, sharp paws
a: no special abilities


You were on level 2 of the Dungeon.
You were full.

You visited 1 branch of the dungeon, and saw 2 of its levels.

You collected 26 gold pieces.

Inventory:

Scrolls
 c - a scroll of enchant armour {unknown}
 d - a scroll of teleportation {unknown}
 f - a scroll of remove curse {unknown}
Potions
 a - a potion of might {unknown}
 e - a potion of haste {unknown}
Comestibles
 b - a ration


   Skills:
 - Level 2.6 Dodging
 + Level 4.4 Stealth
 + Level 1.5 Unarmed Combat
 - Level 2.0 Spellcasting
 - Level 4.4 Hexes


You had 3 spell levels left.
You knew the following spells:

 Your Spells              Type           Power        Failure   Level  Hunger
a - Corona                Hex            ###....      3%          1    #......

Your spell library contained the following spells:

 Spells                   Type           Power        Failure   Level  Hunger
 Confuse                  Hex            ###.....     11%         3    ###....
 Tukima's Dance           Hex            ###.....     11%         3    ###....
 Ensorcelled Hibernation  Hex/Ice        #.....       13%         2    ###....
 Dazzling Spray           Conj/Hex       #.....       26%         3    ###....


Dungeon Overview and Level Annotations

Branches:
Dungeon (2/15)

Altars:


Innate Abilities, Weirdness & Mutations

You cannot wear armour.
You are incapable of wielding weapons or throwing items.
Your paws allow you to move quietly. (Stealth)
You have sharp claws.
You have razor-sharp teeth.
You have supernaturally acute eyesight. (SInv)
You are carnivorous and can eat meat at any time.
You cover ground quickly.
You are covered in fur. (AC +1)
You have a slow metabolism.
Your sharp claws are effective at attacking unaware monsters.


Message History

An adder and a rat come into view.
Found 2 scrolls labeled MAKOISKI TYROAFO.
The rat misses you.
The adder hisses angrily.
You barely miss the adder. The adder misses you. The rat closely misses you.
You scratch the adder.
The adder is moderately wounded.
The adder misses you. x2; The rat completely misses you.
You scratch the adder but do no damage. Your bite misses the adder.
The adder is moderately wounded.
The adder barely misses you. The rat closely misses you.
You miss the adder.
The adder is moderately wounded.
The adder bites you.
You are lethally poisoned!
The adder poisons you! The rat closely misses you.
You scratch the adder.
The adder is heavily wounded.
You feel sick. The adder bites you.
You die...

##### ####...##
##.......#
#..#+#...######
##.##
##........
#######..#
#..##.##.
#.....#.##
##.##.##(
#.....#.#
#.##.##.
#...S@..#
+..#.###
#.....r..##
##.#.#
#######..# ...#
...+ ..# ....#
.... .#.#.#
...# ..#?#..
..### .# #....


You could see an adder and a rat.

Vanquished Creatures
  2 bats (D:2)
  A goblin (D:2)
  A hobgoblin (D:2)
  3 rats (D:2)
7 creatures vanquished.

Notes
Turn   | Place    | Note
-------+----------+-------------------------------------------
     0 | D:1      | Heliosone the Felid Enchanter began the quest for the Orb.
     0 | D:1      | Reached XP level 1. HP: 7/7 MP: 4/4
   378 | D:2      | Slain by an adder

Levels and vault maps discovered:
D:1:      dpeg_arrival_water_fire, layout_loops_ring
D:2:      layout_basic, first_ration, minmay_divided_ellipse

Action                   || total
-------------------------++-------
Melee: Unarmed           ||    22
 Stab: Sleeping          ||     4
  Eat: Chunk             ||     2
Armor: Skin              ||     5
Dodge: Dodged            ||    29
